 Dungeon Crawl Stone Soup version 0.17.0-25-gefc9c12 (console) character file.

58 gw the Skirmisher (level 4, 0/42 HPs)
             Began as a Naga Fighter on Nov 18, 2015.
             Was an Initiate of Okawaru.
             Slain by a kobold
             ... wielding a +0 quarterstaff
              (5 damage)
             ... on level 2 of the Dungeon.
             The game lasted 00:00:54 (1271 turns).

gw the Skirmisher (Naga Fighter)                    Turns: 1271, Time: 00:00:54

Health: 0/42       AC:  5    Str: 19    XL:     4   Next: 2%
Magic:  4/4        EV:  5    Int:  8    God:    Okawaru [......]
Gold:   44         SH:  9    Dex: 11    Spells: 0 memorised, 3 levels left

rFire  . . .     SeeInvis +     a - +0 flail
rCold  + . .     Clarity  .     b - +0 scale mail
rNeg   . . .     SustAt   .     c - +0 shield
rPois  +         Gourm    .     (no helmet)
rElec  .         Spirit   .     (no cloak)
rCorr  .         Warding  .     (no gloves)
rMut   .         Stasis   .     (no barding)
MR     .....                    (no amulet)
Stlth  ..........               (no ring)
                                j - ring of protection from cold

@: very slow, not resistant to hostile enchantments, extremely unstealthy
A: see invisible, deformed body, poison resistance, slowness 2, slow metabolism
1, spit poison 2, AC +1
a: Spit Poison, Renounce Religion


You were on level 2 of the Dungeon.
You worshipped Okawaru.
Okawaru was noncommittal.
You were not hungry.

You visited 1 branch of the dungeon, and saw 2 of its levels.

You collected 44 gold pieces.

Inventory:

Hand Weapons
 a - a +0 flail (weapon)
Missiles
 g - 39 stones (quivered)
Armour
 b - a +0 scale mail (worn)
 c - a +0 shield (worn)
Jewellery
 j - a ring of protection from cold (left hand)
Potions
 d - 2 potions of might
 f - 2 potions of degeneration {unknown}
 h - a potion of curing
 i - 3 potions of brilliance
Comestibles
 e - a bread ration
 k - 3 chunks of flesh


   Skills:
 + Level 3.1 Fighting
 * Level 2.7 Maces & Flails
 + Level 0.8 Throwing
 + Level 2.8 Armour
 + Level 2.8 Shields
 + Level 0.2 Invocations


You had 3 spell levels left.
You didn't know any spells.

Dungeon Overview and Level Annotations

Branches:
Dungeon (2/15)

Altars:
Okawaru


Innate Abilities, Weirdness & Mutations

You cannot wear boots.
Your serpentine skin is tough (AC +1).
You have supernaturally acute eyesight.
Armour fits poorly on your strangely shaped body.
Your system is resistant to poisons.
You cover ground very slowly.
You have a slow metabolism.
You can spit poison.


Message History

The kobold hits you with a quarterstaff.
The goblin hits you. The goblin hits you but does no damage.
The kobold hits you with a quarterstaff.
ATTACK MOVE TO (-1,-1)
You sock the goblin!
You kill the goblin!
Okawaru accepts your kill. The goblin hits you but does no damage.
The kobold hits you but does no damage.
MOVING TO (-7,-7)
The goblin hits you but does no damage. You block the goblin's attack.
MOVING TO (-7,-6)
The kobold hits you with a quarterstaff!
MOVING TO (-7,-5)
You block the goblin's attack.
MOVING TO (-7,-4) ATTACKING (-1,1)
You barely miss the goblin.
The goblin is moderately wounded.
The kobold hits you with a quarterstaff.
You die...

#########...... .#..
............#.. ...
......?(...###. #.. ..#
#........ #####.. ..#
#..#.).). ....... ...#
#.##.._..
#..##..##...####..#.).).
........#...............
.......N....# #.....###.
......gK....# ####...#..
)..>....#...# ##.....
...!..).#.### ######
.......(((# ..........#
........#.# #..##..##.#
#...... .# .


You could see a goblin and a kobold.

Table legend:
 A = Turns spent in this place as a percentage of turns spent in the entire game.
 B = Non-inter-level travel turns spent in this place as a percentage of non-inter-level travel turns spent in the entire game.
 C = Inter-level travel turns spent in this place as a percentage of turns spent in this place.
 D = Turns resting spent in this place as a percentage of non-inter-level travel turns spent in this place.
 E = Turns spent auto-exploring this place as a percentage of non-inter-level travel turns spent in this place.
 F = Non-inter-level travel turns spent in this place divided by the number of levels of this place that you've seen.
                   A       B       C       D       E      F
               +-------+-------+-------+-------+-------+----------------------
         Total | 100.0 | 100.0 |   0.2 |   0.5 |   2.8 | 835.5
       Dungeon | 100.0 | 100.0 |   0.2 |   0.5 |   2.8 | 835.5
               +-------+-------+-------+-------+-------+----------------------

Table legend:
 A = Kills in this place as a percentage of kills in entire the game.
 B = Kills by you in this place as a percentage of kills by you in the entire game.
 C = Kills by friends in this place as a percentage of kills by friends in the entire game.
 D = Other kills in this place as a percentage of other kills in the entire game.
 E = Experience gained in this place as a percentage of experience gained in the entire game.
 F = Experience gained in this place divided by the number of levels of this place that you have seen.
                   A       B       C       D       E      F
               +-------+-------+-------+-------+-------+----------------------
         Total | 100.0 | 100.0 |  -nan |  -nan | 100.0 |  42.0
       Dungeon | 100.0 | 100.0 |  -nan |  -nan | 100.0 |  42.0
               +-------+-------+-------+-------+-------+----------------------

Vanquished Creatures
  Ijyb (D:2)
  An ooze (D:1)
  A worm (D:2)
  A giant gecko (D:1)
  4 bats
  2 hobgoblins
  4 kobolds
  A giant cockroach (D:1)
  A giant newt (D:1)
  4 goblins
  3 rats (D:1)
23 creatures vanquished.

Notes
Turn   | Place    | Note
--------------------------------------------------------------
     0 | D:1      | gw the Naga Fighter began the quest for the Orb.
     0 | D:1      | Reached XP level 1. HP: 21/21 MP: 1/1
   422 | D:1      | Reached XP level 2. HP: 28/28 MP: 2/2
  1092 | D:2      | Noticed Ijyb
  1102 | D:2      | Killed Ijyb
  1102 | D:2      | Reached XP level 3. HP: 34/34 MP: 3/3
  1201 | D:2      | Found an iron altar of Okawaru.
  1216 | D:2      | Became a worshipper of Warmaster Okawaru
  1256 | D:2      | Reached XP level 4. HP: 37/42 MP: 4/4
  1271 | D:2      | Slain by a kobold

Action                   |  1- 3 |  4- 6 || total
-------------------------+-------+-------++-------
Melee: Flail             |    65 |    10 ||    75
Throw: Stone             |    70 |       ||    70
 Abil: Spit Poison       |     2 |       ||     2
  Use: Scroll            |     3 |       ||     3
       Potion            |     2 |       ||     2
  Eat: Chunk             |     1 |       ||     1

Vault maps used:
D:1:      lemuel_arrival_behind_the_door_small
D:2:      okawaru_ov_weapons_minmay, first_bread, st_stairs_5,
          kennysheep_generic_room_5, uniq_iyjb
